 Dungeon Crawl Stone Soup version 0.25.0-26-g0c896c7088 (webtiles) character file.

Game seed: 868044495445594509

258 MisterFreud the Digger (level 6, -2/51 HPs)
             Began as a Ghoul Earth Elementalist on July 2, 2020.
             Slain by a hound (6 damage)
             ... on level 3 of the Dungeon.
             The game lasted 00:05:44 (3038 turns).

MisterFreud the Digger (Ghoul Earth Elementalist)   Turns: 3038, Time: 00:05:44

Health: -2/51      AC:  2    Str: 12    XL:     6   Next: 16%
Magic:  9/9        EV: 12    Int: 12    God:
Gold:   151        SH:  0    Dex:  9    Spells: 9/10 levels left

rFire    . . .     SeeInvis .   p - +2 great mace (protect)
rCold    + . .     Gourm    .   (shield currently unavailable)
rNeg     + + +     Faith    .   c - +0 robe
rPois    ∞         Spirit   .   (no helmet)
rElec    .         Reflect  .   (no cloak)
rCorr    .         Harm     .   (no gloves)
MR       .....                  (no boots)
Stlth    ++........             (no amulet)
HPRegen  0.00/turn              (no ring)
MPRegen  0.11/turn              (no ring)

@: brilliant, rotting
A: rotting body, claws 1, carnivore, cold resistance 1, negative energy
resistance 3, inhibited regeneration, torment resistance, unbreathing
a: no special abilities


You were on level 3 of the Dungeon.
You were not hungry.

You visited 1 branch of the dungeon, and saw 4 of its levels.

You collected 151 gold pieces.

Inventory:

Hand Weapons
 p - a +2 great mace of protection (weapon)
Missiles
 b - 99 stones (quivered)
 f - 7 boomerangs of dispersal
 h - 2 throwing nets
 o - 14 poisoned darts
Armour
 c - a +0 robe (worn)
Scrolls
 a - a scroll of enchant weapon {unknown}
 i - 3 scrolls of remove curse
 l - a scroll of immolation {unknown}
 m - a scroll of teleportation
Potions
 e - 2 potions of lignification {unknown}
 g - 2 potions of brilliance
 j - a potion of flight {unknown}
 k - 2 potions of curing {unknown}
 n - a potion of haste {unknown}
Comestibles
 d - 7 rations


   Skills:
 - Level 3.0 Fighting
 - Level 1.7 Dodging
 - Level 2.1 Stealth
 - Level 3.0 Unarmed Combat
 + Level 2.6 Spellcasting
   Level 0.8 Transmutations
 - Level 5.0 Earth Magic


You had 9 spell levels left.
You knew the following spells:

 Your Spells              Type           Power        Failure   Level  Hunger
a - Sandblast             Erth           ###...       3%          1    None

Your spell library contained the following spells:

 Spells                   Type           Power        Failure   Level  Hunger
 Passwall                 Tmut/Erth      ##......     12%         2    None
 Stone Arrow              Conj/Erth      ##....       26%         3    None
 Petrify                  Tmut/Erth      ##......     58%         4    None
 Lee's Rapid Deconstruct  Erth           ###.......   65%         5    None


Dungeon Overview and Level Annotations

Branches:
Dungeon (4/15)
 Temple: D:4-7

Altars:


Innate Abilities, Weirdness & Mutations

Your body is rotting away.
You thrive on raw meat.
You are immune to poison.
You have sharp fingernails.
You are carnivorous and can eat meat at any time.
Your flesh is cold resistant. (rC+)
You are immune to negative energy. (rN+++)
You do not regenerate when monsters are visible.
You are immune to unholy pain and torment.
You can survive without breathing.


Message History

The orc hits you with a +0 dagger.
* * * LOW HITPOINT WARNING * * *
The hound misses you.
There is a stone staircase leading up here.
The hound closely misses you. The orc hits you with a +0 dagger.
* * * LOW HITPOINT WARNING * * *
You climb upwards.
A frilled lizard comes into view.
There is a stone staircase leading down here.
Unknown command.
The hound closely misses you.
Okay, then.
Unknown command.
Okay, then.
Unknown command.
Unknown command.
It was a potion of brilliance.
You feel clever all of a sudden. The hound bites you but does no damage.
The hound bites you.
You die...

## #.##
#@### ##h.#
#>#l#
#.........
...######..
###. #. ##


You could see a hound and a frilled lizard.

Vanquished Creatures
  A crimson imp (D:2)
  2 jellies
  Natasha (thrice) (D:2)
  2 adders (D:2)
  An ooze (D:4)
  An adder zombie (D:1)
  A worm (D:3)
  A dart slug (D:2)
  A leopard gecko (D:3)
  2 orcs
  4 giant cockroaches
  6 goblins (D:1)
  5 hobgoblins
  2 jackals (D:1)
  3 quokkas
  7 bats (D:1)
  6 frilled lizards
  7 kobolds
  A quokka zombie (D:1)
  6 rats
62 creatures vanquished.

Notes
Turn   | Place    | Note
-------+----------+-------------------------------------------
     0 | D:1      | MisterFreud the Ghoul Earth Elementalist began the quest
                  | for the Orb.
     0 | D:1      | Reached XP level 1. HP: 14/14 MP: 2/2
   101 | D:1      | Reached skill level 1 in Fighting
   379 | D:1      | Reached XP level 2. HP: 17/23 MP: 3/3
   659 | D:1      | Reached XP level 3. HP: 24/30 MP: 4/4
  1675 | D:2      | Found a faded altar of an unknown god.
  1795 | D:2      | Reached skill level 4 in Earth Magic
  1892 | D:2      | Noticed Natasha
  2013 | D:2      | Reached XP level 4. HP: 38/38 MP: 5/5
  2027 | D:2      | Killed Natasha
  2187 | D:2      | Noticed Natasha
  2196 | D:2      | Killed Natasha
  2196 | D:2      | Reached skill level 5 in Earth Magic
  2196 | D:2      | Reached XP level 5. HP: 33/45 MP: 1/6
  2311 | D:2      | Noticed Natasha
  2321 | D:2      | Killed Natasha
  2321 | D:2      | Reached skill level 1 in Unarmed Combat
  2948 | D:3      | Reached XP level 6. HP: 48/51 MP: 6/8
  3038 | D:3      | Slain by a hound

Illustrated notes

Levels and vault maps discovered:
D:1:      saegor_arrival_fortress, layout_basic
D:2:      layout_rooms, chequers_ecumenical_altar_twisty,
          minmay_misc_feat_square, uniq_natasha
D:3:      minmay_wonky_spiral, layout_loops_ring, overflow_temple_1_default,
          first_ration, minmay_distorted
D:4:      layout_cave_pools, tso_altar, uniq_crazy_yiuf_cottage

Skill      XL: |  1  2  3  4  5 |
---------------+----------------+-----
Fighting       | 1 2 3 |  3.0
Earth Magic    | 4 5 |  5.0
Unarmed Combat | 3 |  3.0
Spellcasting   | 2 |  2.6
Dodging        | |  1.7
Stealth        | |  2.1
Transmutations | |  0.8

Action                   |  1- 3 |  4- 6 || total
-------------------------+-------+-------++-------
Melee: Unarmed           |   183 |    45 ||   228
       Great mace        |       |    11 ||    11
 Cast: Sandblast         |     6 |    26 ||    32
  Use: Scroll            |     3 |       ||     3
       Potion            |       |     1 ||     1
 Stab: Sleeping          |     2 |       ||     2
  Eat: Chunk             |     6 |     6 ||    12
Armor: Robe              |    44 |     6 ||    50
Dodge: Dodged            |   159 |    63 ||   222
